 Dungeon Sprint DCSS version 0.30-a0-122-g2a1322497e (webtiles) character file.

Game seed: 5622931850537446224

360 mhtbhm the Geomancer (level 6, -1/32 HPs)
             Began as a Deep Elf Earth Elementalist on Sept 15, 2022.
             Was an Elder of Vehumet.
             Slain by a shadow wraith (23 damage)
             ... in the Dungeon (Sprint VII: "The Pits").
             The game lasted 00:02:47 (568 turns).

mhtbhm the Geomancer (Deep Elf Earth Elementalist)   Turns: 568, Time: 00:02:48

Health: -1/32      AC:  3    Str:  5    XL:     6   Next: 38%
Magic:  15/21      EV: 14    Int: 22    God:    Vehumet [****..]
Gold:   0          SH:  0    Dex: 15    Spells: 17/26 levels left

rFire   . . .      SeeInvis .    k - +1 quarterstaff (speed)
rCold   . . .      Faith    .    (shield currently unavailable)
rNeg    . . .      Spirit   .    a - +0 robe
rPois   .          Reflect  .    (no helmet)
rElec   .          Harm     .    e - +0 cloak
rCorr   .          Rampage  .    (no gloves)
Will    .....      NoTele   +    (no boots)
Stlth   +++.......               (no amulet)
HPRegen 0.10/turn                (no ring)
MPRegen 0.17/turn                (no ring)

@: slowed, very slow
A: no striking features
a: Renounce Religion


You were in the Dungeon.
You worshipped Vehumet.
Vehumet was greatly pleased with you.
You visited 1 branch

Inventory:

Hand Weapons
 k - a +1 quarterstaff of speed (weapon)
Armour
 a - a +0 robe (worn)
 e - a +0 cloak (worn)
Scrolls
 g - a scroll of blinking
 i - 5 scrolls of amnesia
 j - a scroll of summoning
Potions
 b - 5 potions of magic
 c - 6 potions of curing
 d - 6 potions of heal wounds
 f - 3 potions of berserk rage
 h - 2 potions of invisibility


   Skills:
 + Level 5.2 Dodging
 + Level 5.4 Stealth
 + Level 10.6 Spellcasting
 + Level 0.9 Conjurations
 + Level 1.8 Transmutations
 + Level 11.1 Earth Magic


You had 17 spell levels left.
You knew the following spells:

 Your Spells              Type           Power      Damage    Failure   Level
a - Sandblast             Erth           100%       2d20      1%          1
b - Shock                 Conj/Air       52%        1d6       1%          1
c - Stone Arrow           Conj/Erth      76%        3d11      1%          3
d - Petrify               Tmut/Erth      40%        N/A       4%          4

Your spell library contained the following spells:

 Spells                   Type           Power      Damage    Failure   Level
 Frozen Ramparts          Ice            22%        1d4       4%          3
 Passwall                 Tmut/Erth      33%        N/A       1%          2


Dungeon Overview and Level Annotations

Branches:
Dungeon (1/1)

Altars:
Ashenzari
Cheibriados
Dithmenos
Elyvilon
Fedhas
Gozag
Hepliaklqana
Kikubaaqudgha
Makhleb
Nemelex Xobeh
Okawaru
Qazlal
Ru
Sif Muna
Trog
Uskayaw
Vehumet
Wu Jian
Xom
Yredelemnul
Zin
The Shining One
Jiyva
Lugonu


Message History

Casting: Sandblast (safe; 1% risk of failure)
Confirm with . or Enter, or press ? or * to list all spells.
Aiming: Stone Arrow (safe; 1% risk of failure)
Press: ? - help, Shift-Dir - straight line, f/p - iron imp
Aim: an iron imp (81% to hit)
The stone arrow hits the iron imp!!
You kill the iron imp!
Vehumet accepts your kill.
You feel your power returning.
Your Earth Magic skill increases to level 11!
You start resting.
Magic restored.
There is an open door here.
Okay, then.
You start resting.
HP restored.
You open the door.
You hear a chilling moan.
Unknown command.
Casting: Stone Arrow (safe; 1% risk of failure)
Confirm with . or Enter, or press ? or * to list all spells.
You can't see any susceptible monsters within range! (Use Z to cast anyway.)
Casting: Stone Arrow (safe; 1% risk of failure)
Confirm with . or Enter, or press ? or * to list all spells.
Okay, then.
Casting: Stone Arrow (safe; 1% risk of failure)
Confirm with . or Enter, or press ? or * to list all spells.
Aiming: Stone Arrow (safe; 1% risk of failure)
Press: ? - help, Shift-Dir - straight line The stone arrow hits something!!
Something hits you! Something drains your vigour!
You feel yourself slow down.
Deactivating autopickup; reactivate with Ctrl-A.
Unknown command.
Casting: Stone Arrow (safe; 1% risk of failure)
Confirm with . or Enter, or press ? or * to list all spells.
Aiming: Stone Arrow (safe; 1% risk of failure)
Press: ? - help, Shift-Dir - straight line The stone arrow hits something!
Something hits you!!
Ouch! That really hurt!
You die...

#.#..†.....##.......#
#'###########.......#
#..#.#.## #########
#)......# ##)#)#.##
#.......#+#
##.#.#.##.+
#.......#'#
##.#.#..'@#
##########


There were no monsters in sight!

Vanquished Creatures
  A floating eye (D)
  An ice beast (D)
  A quasit (D)
  An iron imp (D)
  An orc priest (D)
  Crazy Yiuf (D)
  An orc wizard (D)
  An adder (D)
  3 orcs (D)
  2 ball pythons (D)
  2 hobgoblins (D)
  A quokka (D)
  A jackal zombie (D)
  2 rats (D)
19 creatures vanquished.

Notes
Turn   | Place    | Note
-------+----------+-------------------------------------------
     0 | D        | mhtbhm the Deep Elf Earth Elementalist began the quest for
                  | the Orb.
     0 | D        | Reached XP level 1. HP: 10/10 MP: 6/6
    42 | D        | Found a bloodstained altar of Trog.
    42 | D        | Found a shimmering blue altar of Sif Muna.
    42 | D        | Found a viscous altar of Jiyva.
    42 | D        | Found a hazy altar of Hepliaklqana.
    42 | D        | Found an opulent altar of Gozag.
    43 | D        | Found a glowing golden altar of the Shining One.
    43 | D        | Found a glowing silver altar of Zin.
    43 | D        | Found a basalt altar of Yredelemnul.
    43 | D        | Found a shimmering altar of Xom.
    43 | D        | Found an ornate altar of the Wu Jian Council.
    43 | D        | Found a sacrificial altar of Ru.
    43 | D        | Found a stormy altar of Qazlal.
    43 | D        | Found an iron altar of Okawaru.
    43 | D        | Found a sparkling altar of Nemelex Xobeh.
    43 | D        | Found a burning altar of Makhleb.
    43 | D        | Found a blossoming altar of Fedhas.
    43 | D        | Found a white marble altar of Elyvilon.
    43 | D        | Found a shadowy altar of Dithmenos.
    43 | D        | Found a snail-covered altar of Cheibriados.
    45 | D        | Found a radiant altar of Vehumet.
    45 | D        | Found a corrupted altar of Lugonu.
    46 | D        | Found a hide-covered altar of Uskayaw.
    46 | D        | Found an ancient bone altar of Kikubaaqudgha.
    46 | D        | Found a broken altar of Ashenzari.
    55 | D        | Became a worshipper of Vehumet
    73 | D        | Reached skill level 4 in Earth Magic
    97 | D        | Reached * piety under Vehumet
    97 | D        | Offered knowledge of Shock by Vehumet.
   100 | D        | Learned a level 1 spell: Shock
   106 | D        | Noticed a floating eye
   107 | D        | Paralysed by a floating eye for 4 turns
   111 | D        | Killed a floating eye
   112 | D        | Reached skill level 8 in Earth Magic
   112 | D        | Reached XP level 2. HP: 15/15 MP: 5/11
   112 | D        | Reached XP level 3. HP: 19/19 MP: 5/13
   112 | D        | Reached XP level 4. HP: 24/24 MP: 5/14
   116 | D        | Learned a level 3 spell: Stone Arrow
   121 | D        | Learned a level 4 spell: Petrify
   178 | D        | Offered knowledge of Foxfire by Vehumet.
   179 | D        | Reached ** piety under Vehumet
   197 | D        | Reached XP level 5. HP: 28/28 MP: 11/17
   268 | D        | Noticed an ice beast
   274 | D        | Reached *** piety under Vehumet
   279 | D        | Killed an ice beast
   280 | D        | Reached skill level 5 in Dodging
   280 | D        | Reached skill level 5 in Stealth
   280 | D        | Reached skill level 9 in Earth Magic
   362 | D        | Noticed Crazy Yiuf
   365 | D        | Offered knowledge of Frozen Ramparts by Vehumet.
   366 | D        | Reached skill level 10 in Earth Magic
   370 | D        | Reached XP level 6. HP: 17/32 MP: 12/20
   372 | D        | Reached **** piety under Vehumet
   380 | D        | Killed Crazy Yiuf
   381 | D        | Reached skill level 10 in Spellcasting
   540 | D        | Reached skill level 11 in Earth Magic
   568 | D        | Slain by a shadow wraith

Illustrated notes

Levels and vault maps discovered:
D:        pitsprint [storerooms_1, entrance_room_1, metal_vault_1, armoury_1,
          mini_pit_1, grid_room_1, main_hall_1, silver_pit, the_coven_2,
          the_vestibule_1, steel_vault_1, golden_pit, hallway_of_sentries,
          crystal_vault_1, iron_vault_4, final_vault]

Skill      XL: |  1  2  3  4  5  6 |
---------------+-------------------+-----
Earth Magic    | 8 10 11 | 11.1
Dodging        | 4 5 |  5.2
Stealth        | 4 5 |  5.4
Spellcasting   | 6 7 9 10 | 10.6
Conjurations   | |  0.9
Transmutations | |  1.8

Action                   |  1- 3 |  4- 6 || total
-------------------------+-------+-------++-------
 Cast: Sandblast         |     6 |    18 ||    24
       Stone Arrow       |       |    10 ||    10
  Use: Potion            |       |     1 ||     1
Armor: Robe              |       |     1 ||     1
Dodge: Dodged            |       |     5 ||     5

Table legend: (Time is in decaauts)
 A = Elapsed time spent in this place.
 B = Non-inter-level travel time spent in this place.
 C = Inter-level travel time spent in this place.
 D = Time resting spent in this place.
 E = Time spent auto-exploring this place.
 F = Levels seen in this place.
 G = Mean time per level.
                   A        B        C        D        E       F      G
               +--------+--------+--------+--------+--------+-----+--------+
         Total |    559 |    559 |      0 |    297 |     37 |   1 |  559.0 |
       Dungeon |    559 |    559 |      0 |    297 |     37 |   1 |  559.0 |
               +--------+--------+--------+--------+--------+-----+--------+

Top non-repeatable levels by time:
       D: 559 daAuts
